 Dungeon Crawl Stone Soup version 0.31-a0-1308-ga3cce3a448 (webtiles) character file.

Game seed: 10789374349368445761

21 grandjackal the Slasher (level 2, -3/25 HPs)
             Began as a Draconian Gladiator on Dec 19, 2023.
             Succumbed to a goblin's poison
             ... on level 1 of the Dungeon.
             The game lasted 00:00:38 (595 turns).

grandjackal the Slasher (Draconian Gladiator)        Turns: 595, Time: 00:00:39

Health: -3/25      AC:  4    Str: 16    XL:     2   Next: 62%
Magic:  2/2        EV: 12    Int:  8    God:
Gold:   25         SH:  0    Dex: 12    Spells: 1/1 levels left

rFire   . . .        a - +0 long sword
rCold   . . .        (no shield)
rNeg    . . .        (body armour unavailable)
rPois   .            b - +0 hat
rElec   .            (no cloak)
rCorr   .            (no gloves)
SInv    .            (no boots)
Will    .....        (no amulet)
Stlth   +            (no ring)
HPRegen 0.24/turn    (no ring)
MPRegen 0.08/turn

%: no passive effects
@: lethally poisoned (-3 -> -15), attractive
A: AC +4, unfitting armour, cold-blooded
a: no special abilities


You were on level 1 of the Dungeon.
You visited 1 branch of the dungeon, and saw 1 of its levels.

You collected 25 gold pieces.

Inventory:

Hand Weapons
 a - a +0 long sword (weapon)
 g - a +0 rapier
Missiles
 c - 3 throwing nets (quivered)
 d - a javelin
Armour
 b - a +0 hat (worn)
Scrolls
 f - a scroll of identify {unknown}
Potions
 e - a potion of attraction


   Skills:
 + Level 2.6 Fighting
 + Level 3.3 Long Blades
 - Level 2.0 Throwing
 + Level 2.9 Dodging


You had one spell level left.
You didn't know any spells.
Your spell library contained the following spells:

 Spells                   Type           Power      Damage    Failure   Level
 Magic Dart               Conj           0%         1d3       41%         1
 Searing Ray              Conj           0%         2d4       54%         2
 Fulminant Prism          Conj/Hex       0%         3d5       99%         4


Dungeon Overview and Level Annotations

Branches:
Dungeon (1/15)

Altars:


Innate Abilities, Weirdness & Mutations

Your plain brown scales are hard. (AC +4)
You cannot fit into any form of body armour.
You are cold-blooded and may be slowed by cold attacks.


Message History

No target in view!
e - 2 purple potions (gained 1)
A hobgoblin comes into view.
Found a scroll labelled HEUBLI RI VUSM.
The hobgoblin shouts!
A hobgoblin is nearby!
A goblin comes into view. It is wielding a +1 dagger of venom.
The hobgoblin hits you but does no damage.
You closely miss the hobgoblin. The hobgoblin closely misses you.
You hit the hobgoblin. You tail-slap the hobgoblin.
The hobgoblin is heavily wounded.
The hobgoblin hits you but does no damage.
The goblin barely misses you.
You hit the hobgoblin.
You kill the hobgoblin!
The goblin hits you but does no damage.
You are poisoned.
The goblin hits you with a +1 dagger of venom.
You are more poisoned.
You closely miss the goblin.
You feel very sick. The goblin barely misses you.
You closely miss the goblin.
You feel very sick.
The goblin hits you with a +1 dagger of venom.
You are more poisoned.
You are too injured to fight recklessly!
You hit the goblin but do no damage.
* * * LOW HITPOINT WARNING * * *
You feel very sick. The goblin misses you.
Unknown command.
It was a potion of attraction.
You feel attractive to monsters.
* * * LOW HITPOINT WARNING * * *
You feel very sick. The goblin barely misses you.
You hit the goblin.
The goblin is severely wounded.
You die...

†...##.#.# ####.#.#.##..##.#
.##.##.#.# #..[.. #.##..##.#
.........# #.##.# #..##.#
###.##...###.##.# #.....###### #
#..........##.# #.##........
###........>..#.## ##.#....P#~#P
........#####.#..##.##.#...P##~##
#.###.### #....g..# #..[.~~~~~
#.# #.# ####@#### #...P##~## #.#
#.# #†# # #....P#~#P #.###.# #.#
#.#......... ......# #.#
#........... #.##..# #.#
#####..#.###.. ...[..##
#.?..........# #.. ..##...##
##########..#)###..
..#.....#######...........#......
................########.####.#..


You could see a goblin.

Vanquished Creatures
  5 ball pythons (D:1)
  A bat (D:1)
  A giant cockroach (D:1)
  A goblin (D:1)
  2 hobgoblins (D:1)
  A kobold (D:1)
  3 quokkas (D:1)
  2 frilled lizards (D:1)
  A rat (D:1)
17 creatures vanquished.

Notes
Turn   | Place    | Note
-------+----------+-------------------------------------------
     0 | D:1      | grandjackal the Draconian Gladiator began the quest for the
                  | Orb.
     0 | D:1      | Reached XP level 1. HP: 17/17 MP: 1/1
   199 | D:1      | Reached XP level 2. HP: 25/25 MP: 2/2
   594 | D:1      | HP: 1/25 [poisoned by a goblin]
   595 | D:1      | Succumbed to a goblin's poison

Illustrated notes

Levels and vault maps discovered:
D:1:      eino_arrival_water_cross, layout_loops_ring

Skill      XL: |  1 |
---------------+----+-----
Throwing       | 2 |  2.0
Fighting       | |  2.6
Long Blades    | |  3.3
Dodging        | |  2.9

Action                     || total
---------------------------++-------
  Melee: Long sword        ||    56
         Tailslap          ||     2
    Use: Potion            ||     1
   Stab: Sleeping          ||     1
 Armour: Skin              ||    46
  Dodge: Dodged            ||    31

Table legend: (Time is in decaauts)
 A = Elapsed time spent in this place.
 B = Non-inter-level travel time spent in this place.
 C = Inter-level travel time spent in this place.
 D = Time resting spent in this place.
 E = Time spent auto-exploring this place.
 F = Levels seen in this place.
 G = Mean time per level.
                   A        B        C        D        E       F      G
               +--------+--------+--------+--------+--------+-----+--------+
         Total |    608 |    608 |      0 |      0 |    467 |   1 |  608.0 |
       Dungeon |    608 |    608 |      0 |      0 |    467 |   1 |  608.0 |
               +--------+--------+--------+--------+--------+-----+--------+

Top non-repeatable levels by time:
     D:1: 608 daAuts
